 Dungeon Crawl Stone Soup version 0.27.0-1-g7a089689b8 (webtiles) character file.

Game seed: 14319207017208701225

2 UberPyro the Cutter (level 1, 0/14 HPs)
             Began as an Octopode Gladiator on Aug 6, 2021.
             Slain by a jackal (1 damage)
             ... on level 1 of the Dungeon.
             The game lasted 00:00:12 (28 turns).

UberPyro the Cutter (Octopode Gladiator)              Turns: 28, Time: 00:00:12

Health: 0/14       AC:  1    Str: 13    XL:     1   Next: 30%
Magic:  1/1        EV: 13    Int: 10    God:
Gold:   0          SH:  0    Dex: 13    Spells: 0/0 levels left

rFire    . . .     SeeInvis .   a - +0 rapier
rCold    . . .     Faith    .   (no shield)
rNeg     . . .     Spirit   .   b - +0 hat
rPois    .         Reflect  .   (no amulet)
rElec    .         Harm     .   (no ring)
rCorr    .         Rampage  .   (no ring)
Will     .....                  (no ring)
Stlth    ++........             (no ring)
HPRegen  0.04/turn              (no ring)
MPRegen  0.07/turn              (no ring)
                                (no ring)
                                (no ring)

@: no status effects
A: almost no armour, amphibious, 8 rings, camouflage 1, gelatinous body 1,
(nimble swimmer 1), tentacles
a: no special abilities


You were on level 1 of the Dungeon.
You visited 1 branch of the dungeon, and saw 1 of its levels.

Inventory:

Hand Weapons
 a - a +0 rapier (weapon)
Missiles
 c - 3 throwing nets (quivered)
Armour
 b - a +0 hat (worn)


   Skills:
 - Level 2.0 Fighting
 + Level 3.1 Short Blades
 - Level 2.0 Throwing
 - Level 3.0 Dodging


You couldn't memorise any spells.
You didn't know any spells.
Your spell library was empty.

Dungeon Overview and Level Annotations

Branches:
Dungeon (1/15)

Altars:


Innate Abilities, Weirdness & Mutations

You cannot wear most types of armour.
You are amphibious.
You can wear up to eight rings at the same time.
Your skin changes colour to match your surroundings (Stealth+).
Your rubbery body absorbs attacks. (AC +1, EV +1)
((You are camouflaged near water. (Stealth+)))
You have tentacles for arms and can constrict up to eight enemies at once.


Message History

Press ? for a list of commands and other information.
Found a staircase leading out of the dungeon.
You open the large door.
There is a large open door here.
You open the large door.
There is a large open door here.
The jackal barks!
You hear a bark!
You open the large door.
There are monsters nearby!
A jackal comes into view.
There is a large open door here.
The jackal bites you.
You barely miss the jackal. Your grab misses the jackal. The bat hits you.
The jackal bites you. x2
You are too injured to fight recklessly!
You are too injured to fight recklessly!
Unknown command.
There is a large open door here.
The bat closely misses you.
You hit the bat.
You kill the bat!
The jackal closely misses you.
You hit the jackal. Your grab misses the jackal.
The jackal is almost dead.
The jackal closely misses you.
You hit the jackal.
You kill the jackal!
The jackal misses you.
You hit the jackal but do no damage. Your grab misses the jackal.
The jackal barely misses you. The jackal bites you.
* * * LOW HITPOINT WARNING * * *
You hit the jackal. Your grab misses the jackal.
The jackal is almost dead.
The jackal bites you.
* * * LOW HITPOINT WARNING * * *
You completely miss the jackal. Your grab misses the jackal.
Your squeeze misses the jackal.
The jackal is almost dead.
The jackal bites you.
You die...

...≈.##############
..≈8#≈≈≈≈≈#.≈≈.#.#
####.≈.#≈...≈#.≈≈.#.#
.#....≈.#≈.#.≈#.≈§.#.#
......≈8#≈.#.≈#.≈≈.#.#
...$..≈.#≈.#.≈#.≈≈.#.#
........h..#..'....'.#
........†@.#..'....'<#
......≈.#≈.#.≈#.≈≈.#.#
.#....≈8#≈.#.≈#.≈≈.#.#
####.≈.#≈.#.≈#.≈≈.#.#
#.≈.#≈...≈#.≈≈.#.#
#.≈8#≈≈≈≈≈#.≈≈.#.#
#.≈.##############
#.≈..


You could see a jackal.

Vanquished Creatures
  A jackal (D:1)
  A bat (D:1)
2 creatures vanquished.

Notes
Turn   | Place    | Note
-------+----------+-------------------------------------------
     0 | D:1      | UberPyro the Octopode Gladiator began the quest for the
                  | Orb.
     0 | D:1      | Reached XP level 1. HP: 14/14 MP: 1/1
    28 | D:1      | Slain by a jackal

Illustrated notes

Levels and vault maps discovered:
D:1:      lightli_arrival_isolated_outpost, layout_rooms,
          shapermc_ecumenical_altar_flowoftime

Action                   || total
-------------------------++-------
Melee: Rapier            ||     7
Dodge: Dodged            ||     5
